 Dungeon Crawl Stone Soup version 0.31.0-12-g77e489cdc1 (webtiles) character file.

Game seed: 12668832736790323534

5067 spaghetti the Covert (level 10, -9/84 HPs)
             Began as a Naga Chaos Knight on Feb 22, 2024.
             Was a Plaything of Xom.
             Mangled by a manticore (16 damage)
             ... on level 9 of the Dungeon.
             The game lasted 00:11:14 (7840 turns).

spaghetti the Covert (Naga Chaos Knight)            Turns: 7840, Time: 00:11:14

Health: -9/84      AC: 11    Str: 18 (19) XL:     10   Next: 56%
Magic:  13/19      EV:  9    Int: 10 (11) God:    Xom [..*...]
Gold:   636        SH:  4    Dex: 12 (14) Spells: 1/9 levels left

rFire   + + .        f - +2 short sword (elec)
rCold   . . .        (no shield)
rNeg    + . .        e - +1 leather armour of Yroshrion {^Drain rF+ rN+ Stlth+}
rPois   +            (no helmet)
rElec   +            (no cloak)
rCorr   .            M - +0 pair of gloves
SInv    +            (no barding)
Will    +....        G - amulet of the acrobat
Stlth   ++++++       d - ring of magical power
HPRegen 0.34/turn    A - +4 ring of protection
MPRegen 0.16/turn

%: acrobat
@: short of breath, very slow
A: AC +3, large, see invisible, deformed body, poison resistance, slowness 2,
spit poison 1, naga tail 1, stinger 2, large bone plates 1, fire resistance 1,
electricity resistance, strong 1, MP-powered wands
a: Spit Poison, Renounce Religion


You were on level 9 of the Dungeon.
You worshipped Xom.
You were a toy of Xom.
You visited 1 branch of the dungeon, and saw 9 of its levels.
You also visited: Ossuary.

You collected 636 gold pieces.

Inventory:

Hand Weapons
 a - a +0 short sword of chaos
 f - a +2 short sword of electrocution (weapon)
 k - a +0 short sword of venom
 O - a +2 short sword of freezing
Missiles
 p - 55 stones
 s - a throwing net
Armour
 b - a +2 leather armour
 e - the +1 leather armour of Yroshrion (worn) {^Drain rF+ rN+ Stlth+}
   (You found it on level 5 of the Dungeon)

   rF+:       It protects you from fire.
   rN+:       It protects you from negative energy.
   ^Drain:    It drains your maximum health when unequipped.
   Stlth+:    It makes you more stealthy.
 r - a +3 leather armour
 M - a +0 pair of gloves (worn)
Jewellery
 d - a ring of magical power (left hand)
 g - a ring of protection from fire
 l - a ring of resist corrosion
 m - a ring of willpower
 u - a ring of protection from fire
 v - a ring of magical power
 A - a +4 ring of protection (right hand)
 C - a ring of fire
 G - an amulet of the acrobat (around neck)
 N - a ring of magical power
Wands
 R - a wand of polymorph (9)
 S - a wand of flame (24)
Scrolls
 c - a scroll of butterflies
 n - a scroll of fear
 o - 2 scrolls of silence
 q - 3 scrolls of teleportation
 t - a scroll of immolation
 w - a scroll of brand weapon
 y - 2 scrolls of revelation
 B - 3 scrolls of fog
 E - a scroll of vulnerability
 P - 2 scrolls of amnesia {unknown}
 Q - a scroll of blinking {unknown}
Potions
 i - a potion of might
 j - a potion of berserk rage {unknown}
 x - 2 potions of degeneration
 z - a potion of curing
 D - 2 potions of resistance {unknown}
 F - a potion of invisibility {unknown}
 H - a potion of attraction {unknown}
 I - a potion of enlightenment
 J - a potion of brilliance
 K - a potion of haste {unknown}
 L - a potion of mutation {unknown}


   Skills:
 - Level 3.0 Fighting
 - Level 10.0 Short Blades
 - Level 1.5 Armour
 - Level 0.7 Dodging
 + Level 12.8 Stealth
 - Level 6.0 Translocations
 - Level 6.0 Evocations


You had one spell level left.
You knew the following spells:

 Your Spells              Type           Power      Damage    Failure   Level
a - Lesser Beckoning      Tloc           24%        N/A       6%          2
b - Teleport Other        Tloc           12%        N/A       12%         3
c - Gell's Gravitas       Tloc           12%        N/A       12%         3

Your spell library contained the following spells:

 Spells                   Type           Power      Damage    Failure   Level
 Inner Flame              Hex/Fire       0%         N/A       80%         3
 Ozocubu's Armour         Ice            0%         N/A       80%         3
 Dispersal                Tloc           6%         N/A       99%         6
 Irradiate                Conj/Alch      0%         3d11      100%        5
 Metabolic Englaciation   Hex/Ice        0%         N/A       100%        5
 Sculpt Simulacrum        Ice/Alch       0%         N/A       100%        6
 Ignition                 Fire           0%         3d3       100%        8


Dungeon Overview and Level Annotations

Branches:
Dungeon (9/15)             Temple (0/1) D:5         Ossuary (visited)
   Lair: D:8-11         Orc: D:9-12

Altars:
Xom
Yredelemnul


Innate Abilities, Weirdness & Mutations

Your serpentine skin is tough. (AC +3)
You have supernaturally acute eyesight. (SInv)
Armour fits poorly on your strangely shaped body.
Your system is resistant to poisons. (rPois)
You cover ground very slowly.
You can spit poison.
You have a snake-like lower body.
Your tail ends in a sharp venomous barb.
You are partially covered in large bone plates. (SH +4)
Your flesh is heat resistant. (rF+)
You are resistant to electric shocks. (rElec)
Your muscles are strong. (Str +4, Int/Dex -1)
You expend magic power (3 MP) to strengthen your wands.


Message History

The manticore claws you.
* * * LOW HITPOINT WARNING * * *
The manticore claws you but does no damage.
Unknown command.
Okay, then.
You feel much better. The manticore bites you!
* * * LOW HITPOINT WARNING * * *
The manticore claws you but does no damage. x2
You barely miss the manticore.
The manticore is severely wounded.
You hit the manticore but do no damage.
The manticore is severely wounded.
The manticore bites you!
* * * LOW HITPOINT WARNING * * *
The manticore closely misses you. x2
Unknown command.
Unknown command.
You feel much better.
You have got your breath back.
You block the manticore's attack.
The manticore claws you but does no damage. x2
You hit the manticore.
The manticore is severely wounded.
You barely miss the manticore.
The manticore is severely wounded.
The manticore bites you!
* * * LOW HITPOINT WARNING * * *
The manticore claws you.
* * * LOW HITPOINT WARNING * * *
The manticore barely misses you.
Unknown command.
Aiming: Spit Poison (1% risk of failure)
Press: ? - help, Shift-Dir - straight line, f/p - manticore
Aim: a manticore (severely wounded, poisoned, 78% to hit)
The splash of poison hits the manticore but does no damage.
The manticore looks even sicker.
The manticore is severely wounded.
The manticore bites you!
You die...
Xom cackles wildly!

#.........<.. +..
...#.......# #.#
..........## #.#
##.......>.# #.#
##.........# #.#
#........).# # ## ##.#
###..........# #.#
#.#.#.###............#
..
§§##@##..###.......##
#§#§§#H##.###.........#
#H§§##....# #.........#
#.##§§'.####
#..[......# #§##.#
#.........# #§.#.#
#...>.....# ..##.#
##.......## #.#.#.#
##.....## ## ##.#
#######


You could see a manticore (very poisoned).

Vanquished Creatures
  A two-headed ogre (D:7)
  Pikel (D:6)
  A troll (D:6)
  Grinder (D:6)
  Prince Ribbit (D:6)
  A wyvern (D:6)
  Eustachio (D:6)
  Grum (D:8)
  A steam dragon (D:8)
  An acid dragon (D:9)
  A water moccasin (D:8)
  Duvessa (D:7)
  2 ice beasts (D:6)
  A black bear (D:7)
  4 wolves (D:8)
  4 centaurs
  3 lemures (D:6)
  A phantom (D:5)
  2 elf zombies (Ossuary)
  A weeping skull (Ossuary)
  A bullfrog (D:9)
  A scorpion (D:5)
  2 burial acolytes (Ossuary)
  4 wights (D:8)
  Dowan (D:7)
  A jelly (D:5)
  2 centaur zombies (Ossuary)
  A hound (D:6)
  A human zombie (Ossuary)
  4 orc priests
  An iguana (D:5)
  A gnoll bouda (D:9)
  A sleepcap (D:6)
  3 orc wizards (D:9)
  5 hound zombies (Ossuary)
  2 mummies (Ossuary)
  3 gnolls (D:8)
  11 adders
  A shadow imp (D:6)
  A white imp (D:7)
  A ribbon worm (D:3)
  A dart slug (D:1)
  25 orcs
  6 endoplasms
  5 goblins
  10 hobgoblins
  4 kobolds
  5 ball pythons
  4 bats
  2 frilled lizards
  2 gnoll zombies (Ossuary)
  5 orc zombies (Ossuary)
  4 rats
151 creatures vanquished.

Vanquished Creatures (collateral kills)
  Edmund (D:4)
1 creature vanquished.

Grand Total: 152 creatures vanquished

Notes
Turn   | Place    | Note
-------+----------+-------------------------------------------
     0 | D:1      | spaghetti the Naga Chaos Knight began the quest for the
                  | Orb.
     0 | D:1      | Reached XP level 1. HP: 21/21 MP: 1/1
    17 | D:1      | Reached skill level 1 in Stealth
   245 | D:1      | Reached skill level 2 in Stealth
   301 | D:1      | Reached XP level 2. HP: 28/28 MP: 2/2
   389 | D:1      | XOM: silly message
   409 | D:1      | XOM: silly message
   788 | D:2      | Reached XP level 3. HP: 34/34 MP: 3/3
   791 | D:2      | Learned a level 2 spell: Lesser Beckoning
   868 | D:2      | Reached skill level 3 in Stealth
   892 | D:2      | Found a basalt altar of Yredelemnul.
  1111 | D:2      | XOM: divination: detect creatures
  1337 | D:3      | Reached XP level 4. HP: 33/42 MP: 4/4
  1516 | D:3      | Reached skill level 1 in Translocations
  1569 | D:3      | XOM: 7-stop teleportation journey
  1654 | D:3      | XOM: god gift: 2 stones
  1709 | D:3      | XOM: 3-stop teleportation journey
  1939 | D:3      | XOM: give mutations
  1939 | D:3      | Gained mutation: You are partially covered in large bone
                  | plates. (SH +4) [Xom's grace]
  1939 | D:3      | Gained mutation: You expend magic power (3 MP) to
                  | strengthen your wands. [Xom's grace]
  1939 | D:3      | Gained mutation: Your tail ends in a venomous barb. [Xom's
                  | grace]
  2080 | D:3      | XOM: give mutations
  2080 | D:3      | Gained mutation: Your muscles are strong. (Str +4, Int/Dex
                  | -1) [Xom's grace]
  2080 | D:3      | Gained mutation: You are resistant to electric shocks.
                  | (rElec) [Xom's grace]
  2080 | D:3      | Gained mutation: Your spells are a little harder to cast,
                  | but a little more powerful. [Xom's grace]
  2110 | D:3      | XOM: scenery: create altars
  2405 | D:4      | XOM: cloud trail
  2440 | D:4      | XOM: give mutations
  2440 | D:4      | Gained mutation: Your flesh is heat resistant. (rF+) [Xom's
                  | grace]
  2440 | D:4      | Gained mutation: You possess an exceptional clarity of
                  | mind. [Xom's grace]
  2572 | D:5      | Entered Level 5 of the Dungeon
  2572 | D:5      | Found a staircase to the Ecumenical Temple.
  2578 | D:5      | Reached XP level 5. HP: 45/49 MP: 5/5
  2600 | D:5      | Reached skill level 4 in Stealth
  2617 | D:5      | Noticed a phantom
  2629 | D:5      | Killed a phantom
  2630 | D:5      | Reached skill level 1 in Evocations
  2732 | D:5      | Reached skill level 5 in Short Blades
  2732 | D:5      | Reached XP level 6. HP: 56/56 MP: 6/6
  2755 | D:5      | Identified the +1 leather armour of Yroshrion {^Drain rF+
                  | rN+ Stlth+}
  2854 | D:5      | XOM: polymorph ogre -> orc
  2945 | D:5      | Found a sand-covered staircase.
  2954 | Ossuary  | Entered an ossuary
  3021 | Ossuary  | Reached skill level 5 in Stealth
  3037 | Ossuary  | Reached XP level 7. HP: 56/62 MP: 7/7
  3193 | Ossuary  | Reached skill level 6 in Stealth
  3724 | D:5      | XOM is BORED!
  3724 | D:5      | XOM: give mutations
  3724 | D:5      | Gained mutation: Your tail ends in a sharp venomous barb.
                  | [Xom's mischief]
  3724 | D:5      | Lost mutation: Your spells are a little harder to cast, but
                  | a little more powerful. [Xom's mischief]
  3724 | D:5      | Lost mutation: You possess an exceptional clarity of mind.
                  | [Xom's mischief]
  3831 | D:4      | Noticed Edmund
  3831 | D:4      | XOM: 4-stop teleportation journey
  3865 | D:4      | XOM: cast spell 'Summon Horrible Things'
  3867 | D:4      | Killed Edmund
  3868 | D:4      | Reached XP level 8. HP: 49/69 MP: 8/8
  4249 | D:4      | XOM: silly message
  4372 | D:6      | Noticed Prince Ribbit
  4375 | D:6      | XOM: 2-stop teleportation journey
  4447 | D:6      | Noticed Grinder
  4451 | D:6      | Killed Prince Ribbit
  4452 | D:6      | Reached skill level 7 in Stealth
  4454 | D:6      | XOM: swap monsters
  4460 | D:6      | Killed Grinder
  4641 | D:6      | Noticed Eustachio
  4646 | D:6      | XOM: scenery: summon butterflies
  4650 | D:6      | XOM: polymorph quokka -> hound
  4669 | D:6      | Killed Eustachio
  4670 | D:6      | Reached skill level 8 in Stealth
  4670 | D:6      | Reached XP level 9. HP: 50/75 MP: 9/9
  4673 | D:6      | XOM: 1-stop teleportation journey
  4789 | D:6      | XOM: confusion
  4838 | D:6      | Noticed a troll
  4847 | D:6      | Killed a troll
  4881 | D:6      | XOM: swap monsters
  4888 | D:6      | Reached skill level 5 in Translocations
  4922 | D:6      | XOM: summons 2 hostile shadow creatures
  5590 | D:7      | Noticed Pikel
  5681 | D:6      | Killed Pikel
  5682 | D:6      | Reached skill level 9 in Stealth
  5682 | D:6      | Reached skill level 5 in Evocations
  5866 | D:7      | Noticed a two-headed ogre
  5872 | D:7      | XOM: summons friendly shadow imp
  5890 | D:7      | Killed a two-headed ogre
  5891 | D:7      | Reached XP level 10. HP: 30/84 MP: 10/10
  6052 | D:7      | Noticed Duvessa
  6056 | D:7      | Noticed Dowan
  6062 | D:7      | Killed Duvessa
  6068 | D:7      | Killed Dowan
  6069 | D:7      | Reached skill level 10 in Stealth
  6411 | D:8      | Noticed Grum
  6414 | D:8      | XOM: cleaving
  6428 | D:8      | Reached skill level 10 in Short Blades
  6432 | D:8      | XOM: fog
  6439 | D:8      | Killed Grum
  6649 | D:8      | XOM: 9-stop teleportation journey
  6873 | D:8      | Reached skill level 11 in Stealth
  6876 | D:8      | XOM: 1-stop teleportation journey
  6886 | D:8      | XOM: scenery: summon butterflies
  6965 | D:8      | XOM: polymorph gnoll bouda -> orc
  7297 | D:8      | Reached skill level 12 in Stealth
  7419 | D:8      | XOM: summons friendly quasit
  7485 | D:8      | Learned a level 3 spell: Teleport Other
  7489 | D:8      | Learned a level 3 spell: Gell's Gravitas
  7763 | D:9      | Noticed a manticore
  7777 | D:9      | XOM: cleaving
  7783 | D:9      | XOM: fake destruction
  7785 | D:9      | XOM: fog
  7789 | D:9      | XOM: cast spell 'Leda's Liquefaction'
  7827 | D:9      | XOM: silly message
  7840 | D:9      | Mangled by a manticore

Illustrated notes

Levels and vault maps discovered:
D:1:      eino_arrival_water_cross, layout_rooms
D:2:      layout_basic, basic_altar
D:3:      layout_basic, chequers_mini_garden, minmay_misc_feat_five,
          chequers_serial_rivers_micro_d, grunt_decor_clamped,
          minmay_misc_feat_tiny, fountainhead
D:4:      layout_basic, minmay_misc_feat_square, corexii_corridor_pit,
          uniq_edmund
D:5:      layout_loops_ring, minmay_temple_entry_offerings,
          chequers_ossuary_entry_cave
D:6:      nicolae_cairo_tiling, layout_loops_ring, uniq_grinder, uniq_eustachio,
          uniq_prince_ribbit1
D:7:      layout_cave_pools, uniq_pikel, uniq_duvessa
D:8:      layout_basic, chequers_serial_rivers_micro_c, uniq_grum
D:9:      minmay_the_grid_3x3 [minmay_the_grid_expand, minmay_the_grid_slots,
          minmay_the_grid_zigzag_pyramid, minmay_the_grid_tiny_cups,
          minmay_the_grid_paths, minmay_the_grid_mess,
          minmay_the_grid_small_cups, minmay_the_grid_outer_circle,
          minmay_the_grid_prize_big_room], layout_rooms,
          minmay_sticks_and_stones

Skill      XL: |  1  2  3  4  5  6  7  8  9 10 |
---------------+-------------------------------+-----
Stealth        | 2 3 4 5 6 8 9 12 | 12.8
Short Blades   | 4 5 6 7 9 10 | 10.0
Translocations | 1 2 3 4 5 6 |  6.0
Evocations     | 1 2 3 4 5 6 |  6.0
Fighting       | |  3.0
Armour         | |  1.5
Dodging        | |  0.7

Action                     |  1- 3 |  4- 6 |  7- 9 | 10-12 || total
---------------------------+-------+-------+-------+-------++-------
  Melee: Short sword       |    32 |   100 |   280 |   207 ||   619
         Punch             |     1 |     1 |     5 |     4 ||    11
  Throw: Throwing net      |       |       |     1 |       ||     1
   Cast: Gell's Gravitas   |       |       |       |     5 ||     5
         Teleport Other    |       |       |       |     3 ||     3
         Lesser Beckoning  |       |       |       |     2 ||     2
Ability: Spit Poison       |    21 |    23 |    30 |    17 ||    91
    Use: Scroll            |       |     3 |     6 |     1 ||    10
         Potion            |       |       |       |     8 ||     8
   Stab: Sleeping          |       |       |     4 |       ||     4
         Confused          |       |       |     1 |       ||     1
         Distracted        |       |       |       |     2 ||     2
 Armour: Leather armour    |    10 |    74 |   134 |   160 ||   378
  Dodge: Dodged            |     9 |    37 |   102 |    99 ||   247
  Block: Other             |       |    11 |    36 |    36 ||    83
